 Dungeon Crawl Stone Soup version 0.22-a0-283-g1871b15 (webtiles) character file.

157 Gorglomux the Sneak (level 5, -1/25 HPs)
             Began as a Felid Fighter on Mar 18, 2018.
             Slain by a hound (3 damage)
             ... on level 3 of the Dungeon.
             The game lasted 00:04:31 (3847 turns).

Gorglomux the Sneak (Felid Fighter)                 Turns: 3847, Time: 00:04:32

Health: -1/25      AC:  1    Str: 15    XL:     5   Next: 15%
Magic:  6/6        EV: 20    Int: 10    God:
Gold:   113        SH:  0    Dex: 15    Spells: 4/4 levels left
                                        Lives:  0   Deaths: 1

rFire    . . .     SeeInvis +     - Unarmed
rCold    . . .     Gourm    .   (shield unavailable)
rNeg     . . .     Faith    .   (armour unavailable)
rPois    .         Spirit   .   (helmet unavailable)
rElec    .         Reflect  .   (cloak unavailable)
rCorr    .         Harm     .   (gloves unavailable)
MR       .....     Rnd*Tele +   (boots unavailable)
Stlth    +++.......             (no amulet)
HPRegen  0.08/turn              l - +2 ring of strength
MPRegen  0.10/turn              t - ring of teleportation (curse)

@: quick
A: very small, no armour, no weapons or thrown items, stealth, claws 1, fangs 3,
see invisible, carnivore, speed 1, shaggy fur 1, slow metabolism 1, sharp paws
a: no special abilities


You were on level 3 of the Dungeon.
You were very full.

You visited 1 branch of the dungeon, and saw 4 of its levels.

You collected 113 gold pieces.

Inventory:

Jewellery
 l - a +2 ring of strength (left paw)
 t - a cursed ring of teleportation (right paw)
Potions
 a - a potion of might
 j - a potion of mutation {!q}
 k - a potion of invisibility {unknown}
 Q - 2 potions of curing
Comestibles
 b - 3 rations


   Skills:
 + Level 3.7 Fighting
 + Level 5.0 Dodging
 - Level 5.2 Stealth
 + Level 4.6 Unarmed Combat


You had 4 spell levels left.
You didn't know any spells.

Dungeon Overview and Level Annotations

Branches:
Dungeon (4/15)
 Temple: D:4-7

Altars:


Innate Abilities, Weirdness & Mutations

You cannot wear armour.
You are incapable of wielding weapons or throwing items.
Your paws allow you to move quietly. (Stealth)
You have sharp claws.
You have razor-sharp teeth.
You have supernaturally acute eyesight. (SInv)
You are carnivorous and can eat meat at any time.
You cover ground quickly.
You are covered in fur. (AC +1)
You have a slow metabolism.
Your sharp claws are effective at attacking unaware monsters.


Message History

You are too injured to fight recklessly!!!
You are too injured to fight recklessly!!!
You miss the hound! You bite the hound!
The hound is almost dead!
The jackal bites you! The jackal closely misses you!
The jackal bites you! * * * don't die
* * * The butt bites you! * * * don't die
* * * You are butt injured to fight recklessly!!!
You are too injured to fight recklessly!!!
You are too injured to fight recklessly!!!
You are too injured to fight recklessly!!!
Unknown command!
Unknown command!
The jackal closely misses you! x2
The jackal misses butt!
The jackal completely misses you!
You see here a robe!
The hound bites you! rip

##..#####.# #....# ##.#.
#........# ##.#.# #.###
##.####### ###.# ##.#. ##'## #.#
#####.# ## ##...## #.# #......
.## ##.....## ### #.# #......
..###.......## ##.###.# #..##..
..##.........####...##h####..##..
...+....(....'..@h.h..h........>.
.###.........####...##.####......
## ##.......## ##.###.# #.###..
##.....## #####.# #.###.# ###
##...## #.....# #...... ..# ##+##
#.##### #####.# #.######.## #.#
#.# #.........# #.# #.#
#..#####..########.# #.#


You could see a hound and 3 jackals.

Vanquished Creatures
  A centaur skeleton (D:3)
  A hound skeleton (D:4)
  6 gnolls
  4 adders
  A worm (D:2)
  3 dart slugs
  3 leopard geckos
  7 bats
  3 giant cockroaches (D:1)
  A goblin (D:3)
  8 hobgoblins
  4 jackals
  5 kobolds
  2 quokkas (D:3)
  5 frilled lizards
  6 rats
60 creatures vanquished.

Notes
Turn   | Place    | Note
-------+----------+-------------------------------------------
     0 | D:1      | Gorglomux the Felid Fighter began the quest for the Orb.
     0 | D:1      | Reached XP level 1. HP: 10/10 MP: 2/2
    27 | D:1      | Reached skill level 1 in Stealth
   145 | D:1      | Reached XP level 2. HP: 14/14 MP: 3/3
   167 | D:1      | Reached skill level 3 in Stealth
   507 | D:1      | Reached XP level 3. HP: 4/17 MP: 4/4
   997 | D:2      | Reached XP level 4. HP: 21/21 MP: 5/5
  2190 | D:2      | You fall through a shaft for 2 floors!
  2203 | D:4      | Killed from afar by an orc priest
  2204 | D:4      | Reached XP level 3. HP: 0/17 MP: 4/4
  2411 | D:2      | Reached XP level 4. HP: 12/21 MP: 5/5
  2412 | D:2      | HP: 1/21 [gnoll/spear (11)]
  3619 | D:3      | Reached XP level 5. HP: 18/25 MP: 6/6
  3832 | D:3      | HP: 1/25 [hound (6)]
  3847 | D:3      | Slain by a hound

Vault maps used:
D:1:      eino_arrival_druids_welcome
D:2:      first_ration
D:3:      grunt_ministairs_3, serial_bayou_pond_c

Skill      XL: |  1  2  3  4 |
---------------+-------------+-----
Stealth        | 2 4 5 |  5.2
Dodging        | 5 |  5.0
Fighting       | |  3.7
Unarmed Combat | |  4.6

Action                   |  1- 3 |  4- 6 || total
-------------------------+-------+-------++-------
Melee: Unarmed           |    89 |    70 ||   159
       Bite              |    12 |    10 ||    22
       Punch             |     2 |     1 ||     3
  Use: Scroll            |       |     7 ||     7
 Stab: Sleeping          |    10 |    10 ||    20
       Distracted        |     1 |       ||     1
  Eat: Chunk             |     8 |     9 ||    17
Armor: Skin              |     1 |     1 ||     2
Dodge: Dodged            |    91 |    65 ||   156

Table legend:
 A = Spawn XP
 B = Non-spawn XP
 C = Spawn XP percentage of total XP
 D = Spawn monster count
 E = Non-spawn monster count
 F = Spawn count percentage of total count
 G = Total turns spent on level
                    A         B        C        D         E        F      G
               +---------+---------+-------+---------+---------+-------+---------
         Total |       0 |     291 |   0.0 |       0 |      60 |   0.0 |  3847
               +---------+---------+-------+---------+---------+-------+---------
           D:1 |       0 |      35 |   0.0 |       0 |      21 |   0.0 |  1326
           D:2 |       0 |      98 |   0.0 |       0 |      18 |   0.0 |  1289
           D:3 |       0 |     140 |   0.0 |       0 |      20 |   0.0 |  1196
           D:4 |       0 |      18 |   0.0 |       0 |       1 |   0.0 |    36
               +---------+---------+-------+---------+---------+-------+---------
